 Dungeon Crawl Stone Soup version 0.28-a0-1412-gf95308ed99 (webtiles) character file.

Game seed: 4580645973615125204

791 tilp the Chiller (level 7, 32/32 HPs)
             Began as a Felid Ice Elementalist on Jan 6, 2022.
             Was a Believer of Vehumet.
             Quit the game on level 8 of the Dungeon.
             The game lasted 00:15:58 (10638 turns).

tilp the Chiller (Felid Ice Elementalist)          Turns: 10638, Time: 00:15:59

Health: 32/32      AC:  2    Str:  4    XL:     7   Next: 57%
Magic:  15/15      EV: 22    Int: 21    God:    Vehumet [**....]
Gold:   709        SH:  0    Dex: 16    Spells: 1/15 levels left
                                        Lives:  0   Deaths: 2

rFire   . . .      SeeInvis +     - Unarmed
rCold   . . .      Faith    .   (shield unavailable)
rNeg    . . .      Spirit   .   (armour unavailable)
rPois   .          Reflect  .   (helmet unavailable)
rElec   .          Harm     .   (cloak unavailable)
rCorr   .          Rampage  .   (gloves unavailable)
Will    ++...                   (boots unavailable)
Stlth   +++.......              (no amulet)
HPRegen 0.10/turn               c - ring of willpower
MPRegen 0.14/turn               f - +4 ring of evasion

@: quick
A: very small, claws 1, fangs 3, see invisible, speed 1, shaggy fur 2, stealthy
paws, no weapons or thrown items, no armour, multi-lived
a: Renounce Religion


You were on level 8 of the Dungeon.
You worshipped Vehumet.
Vehumet was pleased with you.
You visited 2 branches of the dungeon, and saw 9 of its levels.

You collected 709 gold pieces.

Inventory:

Jewellery
 c - a ring of willpower (left paw)
 d - a ring of willpower
 f - a +4 ring of evasion (right paw)
 q - an amulet of guardian spirit
Wands
 h - a wand of flame (21)
 s - a wand of polymorph (8)
Scrolls
 a - a scroll of fear
 e - a scroll of identify
 k - 2 scrolls of teleportation
 m - a scroll of acquirement {unknown}
 o - a scroll of magic mapping
 p - a scroll of brand weapon {unknown}
Potions
 b - a potion of attraction
 g - 4 potions of curing
 i - 2 potions of brilliance
 j - 3 potions of lignification
 l - 2 potions of mutation
 n - a potion of flight
 r - a potion of resistance


   Skills:
 - Level 4.0 Fighting
 - Level 4.0 Dodging
 - Level 6.0 Stealth
 - Level 4.0 Unarmed Combat
 + Level 4.9 Spellcasting
 + Level 3.7 Conjurations
 + Level 7.2 Ice Magic
 + Level 3.5 Earth Magic
 - Level 4.0 Evocations


You had one spell level left.
You knew the following spells:

 Your Spells              Type           Power      Damage    Failure   Level
a - Freeze                Ice            100%       1d11      1%          1
b - Frozen Ramparts       Ice            70%        1d9       1%          3
c - Ozocubu's Armour      Ice            35%        N/A       1%          3
d - Hailstorm             Conj/Ice       28%        3d8       12%         4
e - Stone Arrow           Conj/Erth      40%        3d9       8%          3

Your spell library contained the following spells:

 Spells                   Type           Power      Damage    Failure   Level
 Searing Ray              Conj           40%        2d5       3%          2
 Sandblast                Erth           40%        2d10      2%          1
 Passwall                 Tmut/Erth      10%        N/A       8%          2
 Inner Flame              Hex/Fire       5%         N/A       32%         3
 Cause Fear               Hex            2%         N/A       73%         4
 Discord                  Hex            2%         N/A       100%        8
 Lehudib's Crystal Spear  Conj/Erth      10%        10d4      100%        8
 Animate Armour           Summ/Erth      Unusable   N/A       N/A         4

Dungeon Overview and Level Annotations

Branches:
Dungeon (8/15)             Temple (1/1) D:5
   Lair: D:8-11

Altars:
Ashenzari
Cheibriados
Dithmenos
Elyvilon
Fedhas
Gozag
Kikubaaqudgha
Makhleb
Okawaru
Qazlal
Ru
Trog
Uskayaw
Vehumet
Wu Jian
Xom
Yredelemnul
Zin
The Shining One

Shops:
D:4 (

Annotations:
D:3 Grinder, Ijyb
D:4 4 runed translucent doors, Crazy Yiuf; Sigmund; p0werm0de's ghost, amateur MiCK


Innate Abilities, Weirdness & Mutations

You have sharp claws.
You have razor-sharp teeth.
You have supernaturally acute eyesight. (SInv)
You cover ground quickly. (Speed+)
You are covered in thick fur. (AC +2)
Your paws help you pounce on unaware monsters.
You are incapable of wielding weapons or throwing items.
You cannot wear armour.
You gain extra lives every three experience levels.


Message History

Aiming: Throw Flame
Press: ? - help, Shift-Dir - straight line, f/p - electric eel
Aim: an electric eel (water, lightly wounded, 53% to hit)
The puff of flame misses the electric eel.
The water moccasin barely misses you.
The electric eel is engulfed in a cloud of scalding steam.
The electric eel shoots out a bolt of lightning at you!
The bolt of electricity hits you!
* * * LOW HITPOINT WARNING * * *
The bolt of electricity hits the plant!
The plant begins to die.
The water moccasin completely misses you.
Unknown command.
Aiming: Throw Flame
Press: ? - help, Shift-Dir - straight line, f - water moccasin, p - electric eel
Aim: a water moccasin (water, 53% to hit)
The puff of flame misses the water moccasin.
The water moccasin barely misses you.
The electric eel is engulfed in a cloud of scalding steam.
You kill the electric eel!
Vehumet accepts your kill.
You hear a splash.
Unknown command.
Casting: Freeze (safe; 1% risk of failure)
Confirm with . or Enter, or press ? or * to list all spells.
Aiming: Freeze (safe; 1% risk of failure)
Press: ? - help, Shift-Dir - straight line, f/p - water moccasin
Aim: a water moccasin (steam, water)
You freeze the water moccasin.
The water moccasin is lightly wounded.
The water moccasin is engulfed in a cloud of scalding steam.
The water moccasin bites you!
You die...
The water moccasin is engulfed in a cloud of scalding steam.
The water moccasin bites you.
You are now level 7!
You rejoin the land of the living...
Found 8 gold pieces.
Unknown command.
Unknown command.
Are you sure you want to abandon this character and quit the game? (Confirm with "yes".)

#### ..# #
#.###.#.#
#....@..#
#...........#
#####........#
#.#....#.#
#.##.### #
###### .. .#
≈≈≈..### $# ..
####.≈≈#####.
## # +##≈≈..†#


There were no monsters in sight!

Vanquished Creatures
  An unseen horror (D:7)
  Edmund (D:4)
  3 orc warriors
  An ice beast (D:6)
  2 black bears
  An ogre (D:5)
  2 centaurs
  A kobold brigand (D:7)
  A bullfrog (D:7)
  2 scorpions
  2 water moccasin zombies (D:5)
  A wyvern skeleton (D:6)
  A water moccasin skeleton (D:5)
  2 electric eels (D:8)
  2 centaur zombies
  6 hounds
  A centaur skeleton (D:7)
  2 orc priests
  Jessica (D:3)
  8 iguanas
  Terence (D:2)
  Natasha (thrice) (D:2)
  8 orc wizards
  A killer bee zombie (D:5)
  A hound zombie (D:5)
  A hound skeleton (D:5)
  3 howler monkey zombies
  Robin (D:2)
  7 gnolls
  8 adders
  A white imp (D:6)
  2 worms
  3 dart slugs
  21 orcs
  5 ball pythons
  9 endoplasms
  5 giant cockroaches
  14 goblins
  13 hobgoblins
  18 kobolds
  2 quokkas (D:2)
  7 bats
  7 frilled lizards
  4 rats
186 creatures vanquished.

Vanquished Creatures (others)
  2 plants (D:5)
2 creatures vanquished.

Grand Total: 188 creatures vanquished

Notes
Turn   | Place    | Note
-------+----------+-------------------------------------------
     0 | D:1      | tilp the Felid Ice Elementalist began the quest for the
                  | Orb.
     0 | D:1      | Reached XP level 1. HP: 7/7 MP: 4/4
   286 | D:1      | Reached XP level 2. HP: 11/11 MP: 4/6
   358 | D:1      | Found a faded altar of an unknown god.
   472 | D:1      | Reached skill level 4 in Ice Magic
  1748 | D:2      | Reached XP level 3. HP: 14/14 MP: 5/7
  1752 | D:2      | Learned a level 3 spell: Frozen Ramparts
  2162 | D:2      | Noticed Natasha
  2335 | D:2      | Killed Natasha
  2336 | D:2      | Reached XP level 4. HP: 11/18 MP: 3/9
  2594 | D:2      | Noticed Robin
  2611 | D:2      | Killed Robin
  2612 | D:2      | Reached skill level 5 in Ice Magic
  2760 | D:2      | Noticed Natasha
  2810 | D:2      | Killed Natasha
  2811 | D:2      | Reached XP level 5. HP: 21/21 MP: 4/10
  2815 | D:2      | Learned a level 3 spell: Ozocubu's Armour
  2819 | D:2      | Learned a level 3 spell: Stone Arrow
  3008 | D:2      | Noticed Terence
  3020 | D:2      | Killed Terence
  3374 | D:3      | Noticed Jessica
  3375 | D:3      | Noticed Grinder
  3390 | D:2      | Noticed Natasha
  3395 | D:2      | Killed Natasha
  3682 | D:3      | Found a snail-covered altar of Cheibriados.
  3835 | D:3      | Reached skill level 6 in Ice Magic
  3922 | D:3      | Killed Jessica
  4248 | D:3      | Noticed Ijyb
  4469 | D:3      | Gained mutation: You are covered in thick fur. (AC +2)
                  | [Felid growth]
  4469 | D:3      | Reached XP level 6. HP: 25/25 MP: 3/11
  4506 | D:3      | Reached skill level 1 in Unarmed Combat
  4626 | D:4      | Reached skill level 1 in Fighting
  4664 | D:4      | Found a runed translucent gate.
  4671 | D:4      | Found a runed translucent gate.
  4672 | D:4      | Found a runed translucent gate.
  4672 | D:4      | Noticed p0werm0de's ghost (amateur MiCK)
  4745 | D:4      | Found a basalt altar of Yredelemnul.
  4836 | D:4      | Found Cuphiel's Antique Weapon Shop.
  4961 | D:4      | Noticed Edmund
  4983 | D:4      | Killed Edmund
  5049 | D:4      | Found a runed translucent door.
  5050 | D:4      | Noticed Crazy Yiuf
  5160 | D:4      | Noticed Sigmund
  5397 | D:5      | Entered Level 5 of the Dungeon
  5579 | D:5      | Found a staircase to the Ecumenical Temple.
  5660 | D:5      | Reached XP level 7. HP: 26/30 MP: 2/12
  5738 | D:5      | Found a hide-covered altar of Uskayaw.
  5798 | Temple   | Entered the Ecumenical Temple
  6058 | Temple   | Became a worshipper of Vehumet
  6206 | D:5      | Reached skill level 5 in Stealth
  6660 | D:5      | Reached XP level 8. HP: 28/33 MP: 2/13
  6775 | D:5      | Reached skill level 1 in Conjurations
  6775 | D:5      | Reached skill level 1 in Evocations
  6860 | D:5      | Reached skill level 1 in Earth Magic
  7226 | D:6      | Reached * piety under Vehumet
  7226 | D:6      | Offered knowledge of Magic Dart by Vehumet.
  7938 | D:6      | Found an iron altar of Okawaru.
  8481 | D:7      | Reached XP level 9. HP: 39/39 MP: 14/16
  8481 | D:7      | Offered knowledge of Searing Ray by Vehumet.
  8488 | D:7      | Learned a level 4 spell: Hailstorm
  8530 | D:7      | Reached ** piety under Vehumet
  8669 | D:7      | Found a glowing golden altar of the Shining One.
  8713 | D:7      | Found a stormy altar of Qazlal.
  8713 | D:7      | Noticed an unseen horror
  8734 | D:7      | Killed an unseen horror
  8926 | D:7      | Found a white marble altar of Elyvilon.
  9997 | D:8      | Reached skill level 7 in Ice Magic
 10628 | D:8      | Slain by a slime creature
 10629 | D:8      | Reached XP level 8. HP: 0/36 MP: 9/16
 10631 | D:8      | Identified the ring "Jepsix" {Fly MP+9 Dex+2 Slay+5}
 10637 | D:8      | Slain by a water moccasin
 10638 | D:8      | Reached XP level 7. HP: -3/32 MP: 15/15
 10638 | D:8      | Quit the game

Illustrated notes

Levels and vault maps discovered:
D:1:      heliophobic_arrival_glass_houses, layout_loops_corners,
          ebering_ecumenical_altar_petrified
D:2:      layout_basic, minmay_tripent, uniq_terence, uniq_robin, uniq_natasha
D:3:      layout_loops_ring, mainiacjoe_overflow_small_starburst, uniq_grinder,
          uniq_jessica, uniq_ijyb
D:4:      layout_loops_ring, yredelemnul_altar_generic, serial_shops,
          nicolae_stop_n_shop_2, ebering_ghost_rock_garden, st_stairs_10,
          sigmund_edmund_badplayer, uniq_crazy_yiuf_cottage
D:5:      minmay_polygon_palace, layout_basic, eat_drink_and_be_merry_uskayaw,
          minmay_temple_entry_overgrown
D:6:      layout_rooms, okawaru_trees_1
D:7:      layout_loops_ring, mainiacjoe_overflow_six_doors_small,
          mainiacjoe_overflow_two_lobes, minmay_strange_pillars
D:8:      cheibrodos_two_vegetables, layout_basic,
          nicolae_hepliaklqana_hippocampus, lemuel_crystal_altar,
          lair_entry_dummy
Temple:   nicolae_temple_hex_pool

Skill      XL: |  1  2  3  4  5  6  7  8  9 |
---------------+----------------------------+-----
Ice Magic      | 4 5 6 7 |  7.2
Spellcasting   | 3 4 |  4.9
Stealth        | 3 4 6 |  6.0
Dodging        | 3 4 |  4.0
Unarmed Combat | 2 4 |  4.0
Fighting       | 2 3 4 |  4.0
Conjurations   | 2 3 |  3.7
Evocations     | 3 4 |  4.0
Earth Magic    | 2 3 |  3.5

Action                   |  1- 3 |  4- 6 |  7- 9 || total
-------------------------+-------+-------+-------++-------
Melee: Unarmed           |    19 |    36 |   147 ||   202
       Bite              |     2 |     5 |    23 ||    30
       Punch             |       |     2 |    12 ||    14
 Cast: Freeze            |    42 |    48 |    51 ||   141
       Frozen Ramparts   |     1 |    16 |    30 ||    47
       Ozocubu's Armour  |       |     7 |    24 ||    31
       Stone Arrow       |       |       |    16 ||    16
       Hailstorm         |       |       |     2 ||     2
Evoke: Wand              |       |     2 |    11 ||    13
  Use: Scroll            |     4 |     7 |    10 ||    21
       Potion            |       |     1 |     2 ||     3
 Stab: Sleeping          |     9 |     6 |    11 ||    26
Armor: Skin              |     2 |     6 |    39 ||    47
Dodge: Dodged            |    28 |    71 |   196 ||   295

Table legend: (Time is in decaauts)
 A = Elapsed time spent in this place.
 B = Non-inter-level travel time spent in this place.
 C = Inter-level travel time spent in this place.
 D = Time resting spent in this place.
 E = Time spent auto-exploring this place.
 F = Levels seen in this place.
 G = Mean time per level.
                   A        B        C        D        E       F      G
               +--------+--------+--------+--------+--------+-----+--------+
         Total |   9636 |   9395 |    241 |   2029 |   6018 |   9 | 1070.7 |
       Dungeon |   9384 |   9149 |    235 |   2029 |   5790 |   8 | 1173.0 |
        Temple |    251 |    245 |      6 |      0 |    227 |   1 |  251.0 |
               +--------+--------+--------+--------+--------+-----+--------+

Top non-repeatable levels by time:
     D:7: 1639 daAuts
     D:1: 1563 daAuts
     D:5: 1494 daAuts
     D:2: 1466 daAuts
     D:3: 1044 daAuts
     D:6: 758 daAuts
     D:8: 711 daAuts
     D:4: 706 daAuts
  Temple: 251 daAuts
